 Dungeon Crawl Stone Soup version 0.23.2-1-ga50397a (webtiles) character file.

Game seed: 1014398269121981556

151 prawnwizard the Magician (level 5, 0/39 HPs)
             Began as a Mummy Ice Elementalist on May 17, 2019.
             Slain by an orc wizard
             ... wielding a cursed -1 dagger
              (3 damage)
             ... on level 3 of the Dungeon.
             The game lasted 00:04:43 (2940 turns).

prawnwizard the Magician (Mummy Ice Elementalist)   Turns: 2940, Time: 00:04:44

Health: 0/39       AC:  9    Str: 12    XL:     5   Next: 11%
Magic:  0/11       EV: 11    Int: 15    God:
Gold:   181        SH:  0    Dex: 12    Spells: 11/12 levels left

rFire    x . .     SeeInvis .   d - +0 dagger (vamp)
rCold    + . .     Gourm    .   (no shield)
rNeg     + + +     Faith    .   j - +2 leather armour {MR+}
rPois    ∞         Spirit   .   (no helmet)
rElec    .         Reflect  .   (no cloak)
rCorr    .         Harm     .   (no gloves)
MR       +....                  (no boots)
Stlth    +.........             (no amulet)
HPRegen  0.13/turn              f - +4 ring of protection
MPRegen  0.12/turn              (no ring)

@: no status effects
A: no food or potions, fire vulnerability, cold resistance 1, negative energy
resistance 3, torment resistance, unbreathing
a: no special abilities


You were on level 3 of the Dungeon.
You were not hungry.

You visited 1 branch of the dungeon, and saw 4 of its levels.

You collected 181 gold pieces.

Inventory:

Hand Weapons
 d - a +0 vampiric dagger (weapon)
Armour
 a - a +0 robe
 j - a +2 leather armour of magic resistance (worn)
Jewellery
 f - a +4 ring of protection (left hand)
 i - a cursed -2 ring of protection
Wands
 g - a wand of flame (22)
Scrolls
 b - a scroll of immolation {unknown}
 c - a scroll of fog {unknown}
 e - 5 scrolls of identify {unknown}
 h - a scroll of enchant armour {unknown}
 k - a scroll of teleportation {unknown}


   Skills:
 + Level 2.5 Fighting
 - Level 1.5 Dodging
 - Level 1.5 Stealth
 + Level 4.3 Spellcasting
   Level 0.7 Conjurations
 + Level 3.4 Ice Magic


You had 11 spell levels left.
You knew the following spells:

 Your Spells              Type           Power        Failure   Level  Hunger
a - Freeze                Ice            ##..         5%          1    N/A

Your spell library contained the following spells:

 Spells                   Type           Power        Failure   Level  Hunger
 Throw Frost              Conj/Ice       #.....       14%         2    N/A
 Ozocubu's Armour         Chrm/Ice       #.......     32%         3    N/A
 Throw Icicle             Conj/Ice       #.......     67%         4    N/A
 Summon Ice Beast         Ice/Summ       #.......     73%         4    N/A

Dungeon Overview and Level Annotations

Branches:
Dungeon (4/15)
 Temple: D:4-7

Altars:


Innate Abilities, Weirdness & Mutations

You do not eat or drink.
Your flesh is vulnerable to fire.
You are immune to poison.
Your flesh is cold resistant. (rC+)
You are immune to negative energy. (rN+++)
You are immune to unholy pain and torment.
You can survive without breathing.


Message History

The hound is severely wounded.
The hound bites you.
* * * LOW HITPOINT WARNING * * *
The adder barely misses you. The hound bites you but does no damage.
You barely miss the hound.
The hound is severely wounded.
The orc wizard mumbles some strange words.
The orc wizard blinks!
The adder bites you but does no damage. The hound barely misses you.
You hit the hound but do no damage.
The hound is severely wounded.
The hound bites you but does no damage. The adder bites you but does no damage.
The hound barely misses you. The adder bites you.
* * * LOW HITPOINT WARNING * * *
You hit the hound.
The hound is severely wounded.
The orc wizard hits you but does no damage.
The hound bites you but does no damage. The adder bites you but does no damage.
The orc wizard hits you with a cursed -1 dagger.
You die...

##...............###..........
#........#####......###.......
#........# ##.###...#.......
#........## #.#####.#......(
##.....#..#####..## #.#.......
##...##.....###..###.#.......
######.###.####.##.......... ###
###.###.h....#........... ..#
#......#@o.....###....... ..#
#####........S#....###.......
..###..........#.###....##.......
..#≈#######.####.# ##............
..#≈## #.##.(.# #.....##.....
#..≈.# ####..#.######...#.#######
#..≈.# #.........##...#....<.....
##.≈.# #.........##.#######..####
##≈## #.........##.# ##....#


You could see a hound, an orc wizard and an adder.

Vanquished Creatures
  7 adders
  2 oozes
  A worm (D:2)
  A dart slug (D:2)
  3 leopard geckos
  4 orcs (D:3)
  3 giant cockroaches (D:1)
  13 goblins
  3 hobgoblins
  3 jackals (D:3)
  8 kobolds
  8 bats
  5 frilled lizards
  7 rats
68 creatures vanquished.

Notes
Turn   | Place    | Note
-------+----------+-------------------------------------------
     0 | D:1      | prawnwizard the Mummy Ice Elementalist began the quest for
                  | the Orb.
     0 | D:1      | Reached XP level 1. HP: 13/13 MP: 4/4
    87 | D:1      | Reached skill level 3 in Spellcasting
   117 | D:1      | Reached XP level 2. HP: 13/20 MP: 4/6
   245 | D:1      | Reached skill level 1 in Fighting
   684 | D:1      | Reached XP level 3. HP: 26/26 MP: 7/7
  2083 | D:3      | Reached XP level 4. HP: 33/33 MP: 6/9
  2227 | D:3      | Reached skill level 4 in Spellcasting
  2617 | D:3      | Reached XP level 5. HP: 36/39 MP: 7/11
  2902 | D:4      | Noticed a phantom
  2940 | D:3      | Slain by an orc wizard

Skill      XL: |  1  2  3  4 |
---------------+-------------+-----
Spellcasting   | 3 4 |  4.3
Fighting       | 1 2 |  2.5
Ice Magic      | 3 |  3.4
Dodging        | |  1.5
Stealth        | |  1.5
Conjurations   | |  0.7

Action                   |  1- 3 |  4- 6 || total
-------------------------+-------+-------++-------
Melee: Unarmed           |    17 |       ||    17
       Dagger            |   171 |    86 ||   257
 Cast: Freeze            |    28 |    44 ||    72
 Stab: Sleeping          |     4 |     2 ||     6
Armor: Robe              |    70 |    15 ||    85
       Leather armour    |       |    86 ||    86
Dodge: Dodged            |   144 |   133 ||   277
